 Dungeon Crawl Stone Soup version 0.28-a0-1613-gdaab1c2f9b (webtiles) character file.

Game seed: 11220517711337642748

28 HallandMoats the Skirmisher (level 3, 29/29 HPs)
             Began as a Demonspawn Fighter on Jan 21, 2022.
             Got out of the dungeon alive.
             The game lasted 00:00:52 (1031 turns).

HallandMoats the Skirmisher (Demonspawn Fighter)    Turns: 1031, Time: 00:00:52

Health: 29/29      AC:  6    Str: 16    XL:     3   Next: 0%
Magic:  3/3        EV:  9    Int:  9    God:
Gold:   58         SH:  4    Dex: 14    Spells: 2/2 levels left

rFire   . . .      SeeInvis .   a - +0 war axe
rCold   . . .      Faith    .   c - +0 buckler
rNeg    . . .      Spirit   .   b - +0 scale mail
rPois   .          Reflect  .   (no helmet)
rElec   .          Harm     .   (no cloak)
rCorr   .          Rampage  .   (no gloves)
Will    .....                   (no boots)
Stlth   ..........              (no amulet)
HPRegen 0.09/turn               (no ring)
MPRegen 0.08/turn               (no ring)

@: no status effects
A: foul stench 1, demonic magic 1
a: no special abilities


You escaped.
You visited 1 branch of the dungeon, and saw 1 of its levels.

You collected 58 gold pieces.

Inventory:

Hand Weapons
 a - a +0 war axe (weapon)
Armour
 b - a +0 scale mail (worn)
 c - a +0 buckler (worn)
Scrolls
 f - a scroll of noise {unknown}
Potions
 d - 2 potions of might
 e - a potion of attraction {unknown}
 g - a potion of flight {unknown}


   Skills:
 * Level 3.3 Fighting
 * Level 2.3 Axes
 + Level 2.8 Armour
 + Level 0.4 Dodging
 + Level 2.8 Shields


You had 2 spell levels left.
You didn't know any spells.
Your spell library was empty.

Dungeon Overview and Level Annotations

Branches:
Dungeon (1/15)

Altars:


Innate Abilities, Weirdness & Mutations

You may rarely emit foul miasma when damaged in melee.
Spells you cast may paralyse adjacent enemies.


Message History

You slash the kobold!
You kill the kobold!
You have reached level 3!
Your experience leads to an increase in your attributes!
Increase (S)trength, (I)ntelligence, or (D)exterity?
You feel agile. x2; Your demonic ancestry asserts itself...
You begin to emit a foul stench of rot and decay.
Things that are here:
a +0 short sword; 2 stones You open the door.
Found a club.
There is an open door here.
Found 22 bolts.
You now have 47 gold pieces (gained 11).
You open the door.
There is an open door here.
There is an open door here.
Found a whip.
You see here 22 bolts.
Found 19 stones.
g - a grey potion You open the door.
There is an open door here.
You see here 22 bolts.
You now have 58 gold pieces (gained 11).
Done exploring.
Done exploring.
Done exploring.
Done exploring.
Done exploring.
Done exploring.
(D) Dungeon
Where to? (? - help)
Okay, then.
(D) Dungeon
Where to? (? - help)
What level of the Dungeon? (default 1, ? - help)
There is a staircase leading out of the dungeon here.
Are you sure you want to leave the Dungeon?
This will make you lose the game!
You have escaped!

#.# #.### #######...... #.#
#...#### ###..[. ###.####
##.....### #....
..#(##.######......### ##...
..#.#......##........### ##..
..#.#..###.###....(....#### #.#
..#.#..# #.# #....#.......### #.#
..#.#..# #.# #.....###......###..
..#.#..###.####.@...###......##..
..'..........###..#..###.##..##..
..###..###.#.######### ########.#
..##.......(..# #############.#
..###..###.#..# #..............
.......###.#..# #.####.##......
...........#..#####.####.#####...
.####..###.#..##..........# #...
.####..###.#..##.##.####..# #...


There were no monsters in sight!

Vanquished Creatures
  A dart slug (D:1)
  2 bats (D:1)
  3 endoplasms (D:1)
  6 jackals (D:1)
  2 kobolds (D:1)
  2 quokkas (D:1)
  2 ball pythons (D:1)
  A frilled lizard (D:1)
  2 goblins (D:1)
  2 rats (D:1)
23 creatures vanquished.

Notes
Turn   | Place    | Note
-------+----------+-------------------------------------------
     0 | D:1      | HallandMoats the Demonspawn Fighter began the quest for the
                  | Orb.
     0 | D:1      | Reached XP level 1. HP: 18/18 MP: 1/1
   125 | D:1      | Gained mutation: Spells you cast may paralyse adjacent
                  | enemies. [demonic ancestry]
   125 | D:1      | Reached XP level 2. HP: 21/24 MP: 2/2
   299 | D:1      | Found a faded altar of an unknown god.
   718 | D:1      | Gained mutation: You may rarely emit foul miasma when
                  | damaged in melee. [demonic ancestry]
   718 | D:1      | Reached XP level 3. HP: 27/29 MP: 3/3
  1031 | D:$      | Got out of the dungeon alive.

Illustrated notes

Levels and vault maps discovered:
D:1:      dpeg_arrival_arbitrary_a, layout_basic,
          shapermc_ecumenical_altar_notcrosses

Skill      XL: |  1 |
---------------+----+-----
Axes           | 2 |  2.3
Fighting       | |  3.3
Armour         | |  2.8
Dodging        | |  0.4
Shields        | |  2.8

Action                   || total
-------------------------++-------
Melee: War axe           ||    40
Armor: Scale mail        ||    17
Dodge: Dodged            ||    15
Block: Buckler           ||     7

Table legend: (Time is in decaauts)
 A = Elapsed time spent in this place.
 B = Non-inter-level travel time spent in this place.
 C = Inter-level travel time spent in this place.
 D = Time resting spent in this place.
 E = Time spent auto-exploring this place.
 F = Levels seen in this place.
 G = Mean time per level.
                   A        B        C        D        E       F      G
               +--------+--------+--------+--------+--------+-----+--------+
         Total |   1049 |   1038 |     11 |      0 |    912 |   1 | 1049.0 |
       Dungeon |   1049 |   1038 |     11 |      0 |    912 |   1 | 1049.0 |
               +--------+--------+--------+--------+--------+-----+--------+

Top non-repeatable levels by time:
     D:1: 1049 daAuts
